 Dungeon Crawl Stone Soup version 0.25-a0-474-ga8a2ee3166 (webtiles) character file.

Game seed: 6172374638113063404, levelgen mode: deterministic

31 vurker the Sneak (level 3, -3/15 HPs)
             Began as a Felid Air Elementalist on Feb 7, 2020.
             Slain by a worker ant (5 damage)
             ... on level 4 of the Dungeon.
             The game lasted 00:02:10 (1600 turns).

vurker the Sneak (Felid Air Elementalist)           Turns: 1600, Time: 00:02:10

Health: -3/15      AC:  1    Str:  4    XL:     3   Next: 7%
Magic:  0/7        EV: 18    Int: 17    God:
Gold:   82         SH:  0    Dex: 16    Spells: 5/6 levels left
                                        Lives:  0   Deaths: 0

rFire    . . .     SeeInvis +   (weapon unavailable)
rCold    . . .     Gourm    .   (shield unavailable)
rNeg     . . .     Faith    .   (armour unavailable)
rPois    .         Spirit   .   (helmet unavailable)
rElec    .         Reflect  .   (cloak unavailable)
rCorr    .         Harm     .   (gloves unavailable)
MR       .....                  (boots unavailable)
Stlth    +++.......             (no amulet)
HPRegen  0.05/turn              (no ring)
MPRegen  0.10/turn              (no ring)

@: very slightly contaminated, quick
A: very small, no armour, no weapons or thrown items, stealth, claws 1, fangs 3,
see invisible, carnivore, speed 1, shaggy fur 1, slow metabolism 1, sharp paws
a: no special abilities


You were on level 4 of the Dungeon.
You were very full.

You visited 1 branch of the dungeon, and saw 3 of its levels.

You collected 82 gold pieces.

Inventory:

Scrolls
 b - a scroll of magic mapping {unknown}
 f - a scroll of identify {unknown}
 g - a scroll of blinking {unknown}
 j - a scroll of teleportation {unknown}
Potions
 a - a potion of curing {unknown}
 c - a potion of magic {unknown}
 d - a potion of flight {unknown}
 h - a potion of mutation {unknown}
 i - a potion of invisibility {unknown}
Comestibles
 e - a ration
 k - a chunk of flesh


   Skills:
 + Level 0.5 Fighting
 + Level 3.0 Dodging
 + Level 3.1 Stealth
 * Level 2.4 Spellcasting
 * Level 1.4 Conjurations
 * Level 2.9 Air Magic


You had 5 spell levels left.
You knew the following spells:

 Your Spells              Type           Power        Failure   Level  Hunger
a - Shock                 Conj/Air       #...         8%          1    #......

Your spell library contained the following spells:

 Spells                   Type           Power        Failure   Level  Hunger
 Swiftness                Chrm/Air       #.......     16%         2    ##.....
 Static Discharge         Conj/Air       #.......     22%         3    ###....
 Airstrike                Air            ##........   50%         4    #####..
 Lightning Bolt           Conj/Air       #.........   91%         5    ######.


Dungeon Overview and Level Annotations

Branches:
Dungeon (2/15)

Altars:


Innate Abilities, Weirdness & Mutations

You cannot wear armour.
You are incapable of wielding weapons or throwing items.
Your paws allow you to move quietly. (Stealth)
You have sharp claws.
You have razor-sharp teeth.
You have supernaturally acute eyesight. (SInv)
You are carnivorous and can eat meat at any time.
You cover ground quickly.
You are covered in fur. (AC +1)
You have a slow metabolism.
Your sharp claws are effective at attacking unaware monsters.


Message History

A rat comes into view.
Aim: a bat The zap hits the bat.
The bat hits you. The bat misses you.
Aim: a bat (severely wounded)
The zap hits the bat.
You kill the bat!
Aim: a rat The zap hits the rat.
You kill the rat!
You can't see any susceptible monsters within range! (Use Z to cast anyway.)
You can't see any susceptible monsters within range! (Use Z to cast anyway.)
You can't see any susceptible monsters within range! (Use Z to cast anyway.) All of the chunks of flesh in your inventory have rotted away.
Found a stone staircase leading down.
You see here a bat corpse.
You butcher the bat corpse.
k - a chunk of flesh You see here a bat skeleton. x2
You now have 82 gold pieces (gained 13).
Found a scroll labeled MECKIURESE.
You fall into a shaft and drop 2 floors!
The shaft crumbles and collapses.
Found an escape hatch in the ceiling.
A worker ant comes into view.
Aim: a worker ant The zap hits the worker ant.
Aim: a worker ant (lightly wounded)
The zap hits the worker ant.
Aim: a worker ant (moderately wounded)
The zap hits the worker ant.
Aim: a worker ant (severely wounded)
The zap hits the worker ant but does no damage.
Aim: a worker ant (severely wounded)
The zap hits the worker ant.
The worker ant misses you.
Aim: a worker ant (almost dead)
The zap hits the worker ant.
The worker ant bites you! The worker ant misses you.
Aim: a worker ant (almost dead)
The zap hits the worker ant.
The worker ant bites you.
* * * LOW HITPOINT WARNING * * *
You barely miss the worker ant. The worker ant barely misses you.
Aim: a worker ant (almost dead)
You miscast Shock.
You are very lightly contaminated with residual magic.
Nothing appears to happen.
The worker ant misses you.
You scratch the worker ant but do no damage.
The worker ant completely misses you. The worker ant closely misses you.
You scratch the worker ant but do no damage.
The worker ant bites you.
You die...

############
#.........@#
#........a.#
#..........#
#..........#
#..........#
#..........#
#..........#
...........#
...........#


You could see a worker ant.

Vanquished Creatures
  A dart slug (D:2)
  A leopard gecko (D:1)
  4 giant cockroaches
  5 hobgoblins
  7 bats
  3 goblins
  A kobold (D:1)
  6 rats
28 creatures vanquished.

Notes
Turn   | Place    | Note
-------+----------+-------------------------------------------
     0 | D:1      | vurker the Felid Air Elementalist began the quest for the
                  | Orb.
     0 | D:1      | Reached XP level 1. HP: 7/7 MP: 4/4
    43 | D:1      | Reached skill level 1 in Conjurations
   414 | D:1      | Reached XP level 2. HP: 11/11 MP: 0/6
  1280 | D:2      | Reached XP level 3. HP: 15/15 MP: 4/7
  1584 | D:2      | You fall into a shaft and drop 2 floors!
  1600 | D:4      | Slain by a worker ant

Levels and vault maps discovered:
D:1:      matt_arrival_diagonals, layout_basic
D:2:      layout_basic, serial_corexii_hall, corexii_hall_statues_l,
          corexii_hall_statues_u, first_ration, st_stairs_6, corexii_shack
D:4:      layout_basic, ashenzari_altar_1, minmay_misc_feat_five

Skill      XL: |  1  2 |
---------------+-------+-----
Conjurations   | 1 |  1.4
Dodging        | 3 |  3.0
Stealth        | 3 |  3.1
Fighting       | |  0.5
Spellcasting   | |  2.4
Air Magic      | |  2.9

Action                   || total
-------------------------++-------
Melee: Unarmed           ||    25
       Bite              ||     1
 Cast: Shock             ||    72
  Eat: Chunk             ||     9
Armor: Skin              ||     2
Dodge: Dodged            ||    43

Table legend:
 A = Non-vault XP
 B = Vault XP
 C = Vault XP percentage of total XP
 D = Non-vault monster count
 E = Vault monster count
 F = Vault count percentage of total count
                 A         B        C        D         E       F
            +---------+---------+-------+---------+---------+-------
      Total |      44 |       1 |   2.2 |      27 |       1 |   3.6
            +---------+---------+-------+---------+---------+-------
        D:1 |      27 |       0 |   0.0 |      19 |       0 |   0.0
        D:2 |      17 |       1 |   5.6 |       8 |       1 |  11.1
            +---------+---------+-------+---------+---------+-------
